 Dungeon Crawl Stone Soup version 0.31-a0-162-gc4c5a43528 (webtiles) character file.

Game seed: 16203705350191601509

189 Ijustatesigmund the Stinger (level 5, -1/33 HPs)
             Began as an Octopode Venom Mage on June 13, 2023.
             Slain by an orc
             ... wielding a +0 flail
              (2 damage)
             ... on level 4 of the Dungeon.
             The game lasted 00:08:09 (3922 turns).

Ijustatesigmund the Stinger (Octopode Venom Mage)   Turns: 3922, Time: 00:08:09

Health: -1/33      AC:  1    Str:  5 (8)  XL:     5   Next: 68%
Magic:  9/9        EV: 13    Int: 18 (19) God:
Gold:   53         SH:  0    Dex: 10 (12) Spells: 4/10 levels left

rFire   . . .        b - staff of poison
rCold   . . .        (no shield)
rNeg    . . .        (helmet restricted)
rPois   +            (no amulet)
rElec   .            (no ring)
rCorr   .            (no ring)
SInv    .            (no ring)
Will    .....        (no ring)
Stlth   +++          (no ring)
HPRegen 0.25/turn    (no ring)
MPRegen 0.11/turn    (no ring)
                     (no ring)

%: no passive effects
@: on berserk cooldown, slowed, very slow
A: almost no armour, amphibious, 8 rings, camouflage 1, gelatinous body 1,
(nimble swimmer 1), tentacles
a: no special abilities


You were on level 4 of the Dungeon.
You visited 1 branch of the dungeon, and saw 4 of its levels.

You collected 101 gold pieces.
You spent 48 gold pieces at shops.

Inventory:

Magical Staves
 b - a staff of poison (weapon)
Jewellery
 g - a ring of flight
Scrolls
 c - a scroll of teleportation
Potions
 a - a potion of magic
 d - a potion of mutation
 e - a potion of attraction
 f - 2 potions of berserk rage
 i - a potion of cancellation {unknown}


   Skills:
 - Level 1.1 Fighting
 - Level 1.3 Staves
 - Level 2.0 Dodging
 - Level 2.6 Stealth
 + Level 3.0 Spellcasting
 + Level 1.8 Conjurations
 - Level 1.0 Transmutations
 + Level 2.0 Air Magic
 + Level 4.8 Poison Magic


You had 4 spell levels left.
You knew the following spells:

 Your Spells              Type           Power      Damage    Failure   Level
a - Sting                 Tmut/Pois      76%        1d6       4%          1
b - Poisonous Vapours     Pois/Air       44%        N/A       6%          2
c - Mephitic Cloud        Conj/Pois/Air  19%        N/A       16%         3

Your spell library contained the following spells:

 Spells                   Type           Power      Damage    Failure   Level
 Spider Form              Tmut/Pois      19%        N/A       14%         3
 Olgreb's Toxic Radiance  Pois           30%        N/A       22%         4
 Ensorcelled Hibernation  Hex/Ice        4%         N/A       24%         2
 Anguish                  Hex/Necr       1%         N/A       85%         4


Dungeon Overview and Level Annotations

Branches:
Dungeon (4/15)
 Temple: D:4-7

Altars:

Shops:
D:2 *

Annotations:
D:3 Sigmund


Innate Abilities, Weirdness & Mutations

You cannot wear most types of armour.
You are amphibious.
You can wear up to eight rings at the same time.
Your skin changes colour to match your surroundings (Stealth+).
Your rubbery body absorbs attacks. (AC +1, EV +1)
((You are camouflaged when in or above water. (Stealth+)))
You have tentacles for arms and can constrict up to eight enemies at once.


Message History

The orc wizard hits you but does no damage.
The orc completely misses you. The orc misses you.
You barely miss the orc.
The orc is heavily wounded.
You completely miss the orc.
The orc is heavily wounded.
The orc hits you with a +0 hand axe. The orc barely misses you.
The orc wizard hits you with a +0 dagger.
You closely miss the orc wizard. Your squeeze misses the orc wizard.
You feel less confused. The orc closely misses you.
The orc wizard closely misses you. The orc hits you with a +0 hand axe.
You closely miss the orc wizard. Your grab misses the orc wizard.
Your squeeze misses the orc wizard.
The orc wizard gestures at you while chanting.
The magic dart hits you. The orc barely misses you. The orc misses you.
You hit the orc wizard! Your grab misses the orc wizard.
The orc wizard is severely wounded.
You hit the orc wizard!
You kill the orc wizard!
You are no longer berserk.
You are exhausted.
You feel yourself slow down. The orc hits you with a +0 flail.
The orc hits you with a +0 hand axe.
Your Spellcasting skill increases to level 3!
Your Air Magic skill increases to level 2!
You hit the orc. Your grab misses the orc.
The orc is almost dead.
The orc hits you with a +0 flail. The orc closely misses you.
The orc misses you. The orc closely misses you.
You hit the orc.
You envenom the orc.
You kill the orc!
The orc barely misses you. The orc hits you with a +0 flail!
* * * LOW HITPOINT WARNING * * *
Okay, then.
It was a potion of degeneration.
There was something very wrong with that liquid.
You feel weakened.
You feel dopey.
You feel clumsy. The orc hits you with a +0 flail.
You die...

####.####.### #.#
#.# #. ####.# #.#
#.# ...#.####.#
#.# ...+.#....# #
#.# ...#.#....#
#.#.# ...#.#....#
#?#.## +###.#....#
#....#
..#....#####)@#
####.#.........)o#
..##.#....######.#
#.##.#....######.#
.)........+... ..>
#.##....(.#.# #..#
............# #..#
#.##..###..## #..#
#..........# ..#


You could see an orc.

Vanquished Creatures
  4 orc wizards
  A worm (D:3)
  3 dart slugs
  8 orcs
  6 ball pythons
  5 bats
  7 endoplasms
  3 giant cockroaches
  5 goblins
  2 hobgoblins
  7 jackals
  3 quokkas
  3 frilled lizards
  8 kobolds
  2 rats (D:2)
67 creatures vanquished.

Notes
Turn   | Place    | Note
-------+----------+-------------------------------------------
     0 | D:1      | Ijustatesigmund the Octopode Venom Mage began the quest for
                  | the Orb.
     0 | D:1      | Reached XP level 1. HP: 11/11 MP: 3/3
   309 | D:1      | Reached XP level 2. HP: 18/18 MP: 3/5
   312 | D:1      | Learned a level 2 spell: Poisonous Vapours
   477 | D:1      | Reached skill level 4 in Poison Magic
   626 | D:1      | Reached skill level 1 in Fighting
   927 | D:1      | Reached XP level 3. HP: 23/23 MP: 3/6
   931 | D:1      | Learned a level 3 spell: Mephitic Cloud
  1913 | D:2      | Reached skill level 1 in Air Magic
  1931 | D:2      | Found Diril's Assorted Antiques.
  1979 | D:2      | Bought a scroll labelled JEEWIU FAIFOPEA for 24 gold pieces
  1979 | D:2      | Bought a scroll labelled VIELOROSUC for 24 gold pieces
  2284 | D:2      | Reached XP level 4. HP: 28/28 MP: 4/7
  2950 | D:3      | Reached skill level 1 in Staves
  2950 | D:3      | Reached skill level 1 in Conjurations
  2960 | D:3      | Reached XP level 5. HP: 16/33 MP: 2/9
  2966 | D:3      | Noticed Sigmund
  3921 | D:4      | HP: 1/33 [orc/+0 flail (9)]
  3922 | D:4      | Slain by an orc

Illustrated notes

Levels and vault maps discovered:
D:1:      dpeg_arrival_simpleton_a, layout_basic
D:2:      layout_basic, serial_shops, shop
D:3:      layout_loops_ring, uniq_sigmund
D:4:      layout_basic, interstate_on_off

Skill      XL: |  1  2  3  4  5 |
---------------+----------------+-----
Poison Magic   | 4 |  4.8
Fighting       | 1 |  1.1
Air Magic      | 1 2 |  2.0
Staves         | 1 |  1.3
Conjurations   | 1 |  1.8
Spellcasting   | 3 |  3.0
Dodging        | |  2.0
Stealth        | |  2.6
Transmutations | |  1.0

Action                     |  1- 3 |  4- 6 || total
---------------------------+-------+-------++-------
  Melee: Unarmed           |     7 |       ||     7
         Staff             |    30 |    48 ||    78
         Constrict         |     8 |    13 ||    21
         Tentacles         |     9 |    11 ||    20
         Punch             |       |     1 ||     1
   Cast: Sting             |    34 |    15 ||    49
         Poisonous Vapours |    22 |    12 ||    34
         Mephitic Cloud    |       |     1 ||     1
    Use: Scroll            |     4 |     4 ||     8
         Potion            |       |     2 ||     2
   Stab: Confused          |       |     3 ||     3
         Sleeping          |       |     2 ||     2
 Armour: Skin              |     3 |     1 ||     4
  Dodge: Dodged            |    31 |    34 ||    65

Table legend: (Time is in decaauts)
 A = Elapsed time spent in this place.
 B = Non-inter-level travel time spent in this place.
 C = Inter-level travel time spent in this place.
 D = Time resting spent in this place.
 E = Time spent auto-exploring this place.
 F = Levels seen in this place.
 G = Mean time per level.
                   A        B        C        D        E       F      G
               +--------+--------+--------+--------+--------+-----+--------+
         Total |   3933 |   3848 |     85 |   1225 |   2165 |   4 |  983.2 |
       Dungeon |   3933 |   3848 |     85 |   1225 |   2165 |   4 |  983.2 |
               +--------+--------+--------+--------+--------+-----+--------+

Top non-repeatable levels by time:
     D:1: 1833 daAuts
     D:2: 1314 daAuts
     D:3: 510 daAuts
     D:4: 274 daAuts
